cohdb
Replays
Latest Replays
All Replays
Popular Replays
Top Player Replays
Match Explorer
How It Works
Community
CoH3 Stats
Reddit
Sign in to upload your games and track your stats! →
Sign in with Steam
Match 44202457
Unlisted
Match 44202457
Overview
Messages
Build Orders
End
Kradschützen Motorcycle Team
Selects Italian Combined Arms Battlegroup
Selects Bersaglieri Squad
Bersaglieri Squad
Bersaglieri Squad
Bersaglieri Squad
Construct Light Support Kompanie
Selects Bersaglieri Bolster
Fire Support Elements
Flakvierling Half-track
Pak 38 Mechanized Group
Vehicle Survival Package
Construct Panzerarmee Kommand
Selects Breda Model 30 Light Machine Guns
Emergency Repair Kits
Assault Mechanized Group
Panzer III L Medium Tank
Selects Semovente da 75/18 Assault Gun
Selects Strafing Run
Selects Pact of Steel
Walking Stuka Rocket Launcher
MrGlaucus
Discoverer
Comoko
Willeh
0
0
Comments
sign in to comment!
No comments posted yet!